 Dungeon Crawl Stone Soup version 0.31.0-11-ge490571c62 (webtiles) character file.

Game seed: 10158422693931641720

126 qw the Skirmisher (level 4, -3/25 HPs)
             Began as a Deep Elf Hunter on Feb 3, 2024.
             Slain by Natasha (10 damage)
             ... on level 3 of the Dungeon.
             The game lasted 00:00:09 (2679 turns).

qw the Skirmisher (Deep Elf Hunter)                 Turns: 2679, Time: 00:00:10

Health: -3/25      AC:  0    Str: 10    XL:     4   Next: 84%
Magic:  6/6        EV: 15    Int: 14    God:
Gold:   117        SH:  0    Dex: 18    Spells: 3/3 levels left

rFire   . . .        a - melded +1 shortbow
rCold   . . .        (shield currently unavailable)
rNeg    . . .        c - melded +0 leather armour
rPois   .            (helmet currently unavailable)
rElec   .            f - melded +2 cloak {Stlth+}
rCorr   .            b - melded +1 pair of gloves
SInv    .            (boots currently unavailable)
Will    .....        i - amulet of faith
Stlth   ++           (ring currently unavailable)
HPRegen 0.24/turn    (ring currently unavailable)
MPRegen 0.10/turn

%: faith
@: pig-form, very quick
A: fast, no casting, small
a: no special abilities


You were on level 3 of the Dungeon.
You were a filthy swine.
You visited 1 branch of the dungeon, and saw 4 of its levels.

You collected 117 gold pieces.


   Skills:
 - Level 1.5 Fighting
 + Level 8.2 Ranged Weapons
 - Level 2.4 Dodging
 - Level 1.2 Stealth


You had 3 spell levels left.
You didn't know any spells.
Your spell library was empty.

Inventory:

Hand Weapons
 a - a +1 shortbow (melded)
Armour
 b - a +1 pair of gloves (melded)
 c - a +0 leather armour (melded)
 f - a +2 cloak of stealth (melded)
Jewellery
 i - an amulet of faith (around neck)
Potions
 d - a potion of haste {unknown}
 g - a potion of lignification {unknown}
 h - a potion of might {unknown}
 k - a potion of attraction {unknown}

Dungeon Overview and Level Annotations

Branches:
Dungeon (4/15)
 Temple: D:4-7

Altars:

Shops:
D:3 (

Annotations:
D:3 Natasha


Message History

Your +0 leather armour unmelds from your body.
You feel stealthy.
There is a stone staircase leading down here.
You climb downwards.
Level annotation: Natasha Natasha zaps a wand.
You turn into a filthy swine.
Your +1 shortbow melds into your body.
Your +2 cloak of stealth melds into your body.
Your +1 pair of gloves melds into your body.
Your +0 leather armour melds into your body.
You feel less stealthy.
There is a stone staircase leading up here.
2669 ||| STAIRDANCE Natasha barely misses you.
You climb upwards.
There is a stone staircase leading down here.
2671 ||| FLEEEEING.
2672 ||| FLEEEEING.
Natasha casts a spell.
There is a stone staircase leading down here.
2673 ||| FLEEEEING.
Natasha growls.
Natasha completely misses you.
2674 ||| FLEEEEING.
The cerulean imp closely misses you.
There is a stone staircase leading down here.
2675 ||| FLEEEEING.
Natasha claws you!
2676 ||| FLEEEEING.
Natasha completely misses you. The cerulean imp completely misses you.
There is a stone staircase leading down here.
2677 ||| FLEEEEING.
2678 ||| FLEEEEING.
Natasha claws you!
The cerulean imp hits you with a +0 spear.
There is a stone staircase leading down here.
2679 ||| FLEEEEING.
Natasha claws you!
You die...
Natasha begins licking her fur clean.

#.<..###..........##
#....######...#.#.##
#.............#.#.##
####.#####....#.#.##
#.....#....#.#.##
#.....##...#.#.##
#..(..##.....#.##
#####.....##.#####...
#...h.....##.### ####
#..>h..#####...#
#..5...##..(...#
###......+.......#
#........##..(...#
#.#......##......#
#.##......#......#
#.#..............#
#.#..............#


You could see Natasha and a cerulean imp (summoned).

Vanquished Creatures
  An orc priest (D:3)
  2 adders (D:2)
  3 dart slugs
  A ribbon worm (D:3)
  3 orcs (D:3)
  10 ball pythons
  2 bats (D:2)
  An endoplasm (D:2)
  4 giant cockroaches
  7 goblins
  6 hobgoblins
  3 jackals (D:2)
  6 kobolds
  6 quokkas
  A frilled lizard (D:2)
  4 rats
60 creatures vanquished.

Notes
Turn   | Place    | Note
-------+----------+-------------------------------------------
     0 | D:1      | qw the Deep Elf Hunter began the quest for the Orb.
     0 | D:1      | Reached XP level 1. HP: 12/12 MP: 3/3
     0 | D:1      | 0 ||| qw: Version: 0.3-a-158-g18b3111
     0 | D:1      | 0 ||| qw: Game counter: 4159
     0 | D:1      | 0 ||| qw: Melee chars always use a shield: true
     0 | D:1      | 0 ||| qw: God list: Okawaru
     0 | D:1      | 0 ||| qw: Allow faded altars: false
     0 | D:1      | 0 ||| qw: Do Orc after clearing Dungeon:15 true
     0 | D:1      | 0 ||| qw: Do second Lair branch before Depths: true
     0 | D:1      | 0 ||| qw: Lair rune preference: random
     0 | D:1      | 0 ||| qw: Goals: Normal
     0 | D:1      | 0 ||| PLANNING D:1-11
   168 | D:1      | Reached XP level 2. HP: 16/16 MP: 4/4
   200 | D:1      | Reached skill level 6 in Ranged Weapons
   564 | D:1      | Reached XP level 3. HP: 20/20 MP: 5/5
   896 | D:1      | 896 ||| READING scroll labelled TOEVYA NISAU.
   896 | D:1      | 896 ||| ENCHANTING +0 shortbow.
   897 | D:1      | 897 ||| READING 2 scrolls labelled GIG HAMOIMPOIL.
   901 | D:1      | 901 ||| READING scroll labelled SEANIQ KAIS.
   901 | D:1      | 901 ||| ENCHANTING +0 shortbow.
   902 | D:1      | 902 ||| READING scroll labelled EKLOUF KOTIS.
   903 | D:1      | 903 ||| READING scroll labelled ZISTRE NAKHLAZATO.
  1004 | D:1      | 1004 ||| DROPPING scroll of butterflies.
  1245 | D:2      | Reached skill level 7 in Ranged Weapons
  1564 | D:2      | Reached XP level 4. HP: 25/25 MP: 6/6
  1887 | D:2      | 1887 ||| UPGRADING to +0 pair of gloves.
  1892 | D:2      | 1892 ||| UPGRADING to amulet of faith.
  1897 | D:2      | 1897 ||| READING scroll labelled MIDGHY ZOFF.
  1897 | D:2      | 1897 ||| IDENTIFYING cyan potion
  1898 | D:2      | 1898 ||| READING scroll labelled QOFUIH JOMM.
  1899 | D:2      | 1899 ||| DRINKING 3 fizzy grey potions.
  1900 | D:2      | 1900 ||| DROPPING potion of brilliance.
  1945 | D:3      | 1945 ||| DROPPING +4 sling.
  2123 | D:3      | 2123 ||| READING scroll of enchant armour.
  2123 | D:3      | 2123 ||| ENCHANTING +0 pair of gloves.
  2289 | D:3      | 2289 ||| UPGRADING to +2 cloak of stealth.
  2294 | D:3      | 2294 ||| READING scroll labelled UCUNOELASU.
  2395 | D:3      | 2395 ||| READING scroll labelled OVOICU VOFFU.
  2483 | D:3      | Found Timuac's Weapon Shoppe.
  2489 | D:3      | 2489 ||| DRINKING 2 potions of curing.
  2489 | D:3      | 2489 ||| (to cure confusion)
  2496 | D:3      | 2496 ||| DRINKING potion of curing.
  2496 | D:3      | 2496 ||| (to cure confusion)
  2501 | D:3      | HP: 6/25 [orc priest/+0 hand axe (3)]
  2502 | D:3      | 2502 ||| READING scroll of teleportation.
  2504 | D:3      | Reached skill level 8 in Ranged Weapons
  2617 | D:4      | Noticed Natasha
  2619 | D:4      | 2619 ||| STAIRDANCE
  2621 | D:3      | 2621 ||| FLEEEEING.
  2622 | D:3      | 2622 ||| FLEEEEING.
  2623 | D:3      | 2623 ||| FLEEEEING.
  2624 | D:3      | 2624 ||| FLEEEEING.
  2625 | D:3      | 2625 ||| FLEEEEING.
  2626 | D:3      | 2626 ||| FLEEEEING.
  2627 | D:3      | 2627 ||| FLEEEEING.
  2628 | D:3      | 2628 ||| FLEEEEING.
  2629 | D:3      | 2629 ||| FLEEEEING.
  2630 | D:3      | 2630 ||| FLEEEEING.
  2631 | D:3      | 2631 ||| FLEEEEING.
  2632 | D:3      | 2632 ||| FLEEEEING.
  2633 | D:3      | 2633 ||| FLEEEEING.
  2634 | D:3      | 2634 ||| FLEEEEING.
  2635 | D:3      | 2635 ||| FLEEEEING.
  2636 | D:3      | 2636 ||| FLEEEEING.
  2637 | D:3      | 2637 ||| FLEEEEING.
  2638 | D:3      | 2638 ||| FLEEEEING.
  2639 | D:3      | 2639 ||| FLEEEEING.
  2640 | D:3      | 2640 ||| FLEEEEING.
  2641 | D:3      | 2641 ||| FLEEEEING.
  2642 | D:3      | 2642 ||| FLEEEEING.
  2643 | D:3      | 2643 ||| FLEEEEING.
  2644 | D:3      | 2644 ||| FLEEEEING.
  2645 | D:3      | 2645 ||| FLEEEEING.
  2646 | D:3      | 2646 ||| FLEEEEING.
  2647 | D:3      | 2647 ||| FLEEEEING.
  2648 | D:3      | 2648 ||| FLEEEEING.
  2649 | D:3      | 2649 ||| FLEEEEING.
  2650 | D:3      | 2650 ||| FLEEEEING.
  2651 | D:3      | 2651 ||| FLEEEEING.
  2652 | D:3      | 2652 ||| FLEEEEING.
  2653 | D:3      | 2653 ||| FLEEEEING.
  2654 | D:3      | 2654 ||| FLEEEEING.
  2655 | D:3      | 2655 ||| FLEEEEING.
  2656 | D:3      | 2656 ||| FLEEEEING.
  2657 | D:3      | 2657 ||| FLEEEEING.
  2658 | D:3      | 2658 ||| FLEEEEING.
  2659 | D:3      | 2659 ||| FLEEEEING.
  2660 | D:3      | 2660 ||| FLEEEEING.
  2661 | D:3      | 2661 ||| FLEEEEING.
  2662 | D:3      | 2662 ||| FLEEEEING.
  2663 | D:3      | 2663 ||| FLEEEEING.
  2664 | D:3      | 2664 ||| FLEEEEING.
  2665 | D:3      | 2665 ||| FLEEEEING.
  2666 | D:3      | 2666 ||| FLEEEEING.
  2669 | D:4      | 2669 ||| STAIRDANCE
  2671 | D:3      | 2671 ||| FLEEEEING.
  2672 | D:3      | 2672 ||| FLEEEEING.
  2673 | D:3      | 2673 ||| FLEEEEING.
  2674 | D:3      | 2674 ||| FLEEEEING.
  2675 | D:3      | 2675 ||| FLEEEEING.
  2676 | D:3      | 2676 ||| FLEEEEING.
  2677 | D:3      | 2677 ||| FLEEEEING.
  2678 | D:3      | 2678 ||| FLEEEEING.
  2679 | D:3      | 2679 ||| FLEEEEING.
  2679 | D:3      | Slain by Natasha

Levels and vault maps discovered:
D:1:      heliophobic_arrival_glass_houses, layout_loops_ring
D:2:      layout_loops_corners
D:3:      layout_basic, serial_shops, shop_fountains,
          minmay_misc_feat_four_crosses
D:4:      minmay_evil_eye, layout_loops_ring, uniq_grinder,
          uniq_crazy_yiuf_cottage, uniq_menkaure, uniq_robin, uniq_natasha

Skill      XL: |  1  2  3  4 |
---------------+-------------+-----
Ranged Weapons | 6 7 8 |  8.2
Fighting       | |  1.5
Dodging        | |  2.4
Stealth        | |  1.2

Action                     |  1- 3 |  4- 6 || total
---------------------------+-------+-------++-------
   Fire: Shortbow          |   106 |    75 ||   181
    Use: Scroll            |     5 |     6 ||    11
         Potion            |       |     3 ||     3
 Armour: Leather armour    |    11 |    41 ||    52
         Skin              |       |     4 ||     4
  Dodge: Dodged            |    29 |    26 ||    55

Table legend:
 A = Non-vault XP
 B = Vault XP
 C = Vault XP percentage of total XP
 D = Non-vault monster count
 E = Vault monster count
 F = Vault count percentage of total count
                 A         B        C        D         E       F
            +---------+---------+-------+---------+---------+-------
      Total |     181 |       0 |   0.0 |      60 |       0 |   0.0
            +---------+---------+-------+---------+---------+-------
        D:1 |      44 |       0 |   0.0 |      23 |       0 |   0.0
        D:2 |      65 |       0 |   0.0 |      24 |       0 |   0.0
        D:3 |      72 |       0 |   0.0 |      13 |       0 |   0.0
            +---------+---------+-------+---------+---------+-------
